 Dungeon Crawl Stone Soup version 0.28.0-53-g5a82cb258f (webtiles) character file.

Game seed: 12417681104397852790

8651 Sin92 the Cleaver (level 11, 0/87 HPs)
             Began as a Demonspawn Fighter on July 4, 2022.
             Was a High Priest of Okawaru.
             Slain by a two-headed ogre
             ... wielding a +0 giant club
              (15 damage)
             ... on level 9 of the Dungeon.
             The game lasted 00:14:10 (8965 turns).

Sin92 the Cleaver (Demonspawn Fighter)              Turns: 8965, Time: 00:14:10

Health: 0/87       AC: 11    Str: 26    XL:     11   Next: 12%
Magic:  11/11      EV: 13    Int:  9    God:    Okawaru [*****.]
Gold:   371        SH: 12    Dex: 15    Spells: 10/10 levels left

rFire   . . .      SeeInvis .   d - +8 hand axe of Vodka {vorpal, *Rage Str+5 Dex+2}
rCold   + . .      Faith    .   c - +0 buckler
rNeg    . . .      Spirit   .   b - +0 scale mail
rPois   .          Reflect  .   (helmet restricted)
rElec   .          Harm     .   h - +1 cloak
rCorr   .          Rampage  .   f - +0 pair of gloves
Will    .....      Rage     20% (no boots)
Stlth   ..........              (no amulet)
HPRegen 0.24/turn               m - +4 ring of evasion
MPRegen 0.12/turn               (no ring)

@: on berserk cooldown, slowed, very slow
A: horns 2, large bone plates 2, spiny 1, cold resistance 1, passive freeze
a: Renounce Religion, Heroism, Finesse, Duel


You were on level 9 of the Dungeon.
You worshipped Okawaru.
Okawaru was extremely pleased with you.
You visited 2 branches of the dungeon, and saw 10 of its levels.

You collected 371 gold pieces.

Inventory:

Hand Weapons
 d - the +8 hand axe of Vodka (weapon) {vorpal, *Rage Str+5 Dex+2}
   (You found it on level 3 of the Dungeon)

   It inflicts extra damage upon your enemies.
   Str:       It affects your strength (+5).
   Dex:       It affects your dexterity (+2).
   *Rage:     It berserks you when you make melee attacks (+20% chance).
 w - a +2 broad axe of flaming
Armour
 b - a +0 scale mail (worn)
 c - a +0 buckler (worn)
 f - a +0 pair of gloves (worn)
 h - a +1 cloak (worn)
Jewellery
 m - a +4 ring of evasion (left hand)
Wands
 k - a wand of acid (9)
 s - a wand of paralysis (10)
 t - a wand of digging (8)
 v - a wand of flame (7)
Scrolls
 e - 3 scrolls of fear
 p - a scroll of fog
 r - a scroll of teleportation
Potions
 a - a potion of attraction {unknown}
 g - a potion of lignification {unknown}
 j - 2 potions of might
 l - 6 potions of curing
 o - a potion of heal wounds
 q - 3 potions of invisibility
 u - a potion of resistance {unknown}


   Skills:
 + Level 8.3 Fighting
 * Level 10.3 Axes
 + Level 7.6 Armour
 + Level 7.7 Shields


You had 10 spell levels left.
You didn't know any spells.
Your spell library contained the following spells:

 Spells                   Type           Power      Damage    Failure   Level
 Magic Dart               Conj           0%         1d3       71%         1
 Mephitic Cloud           Conj/Pois/Air  0%         N/A       97%         3
 Portal Projectile        Hex/Tloc       0%         N/A       97%         3
 Leda's Liquefaction      Hex/Erth       0%         N/A       100%        4
 Orb of Destruction       Conj           0%         9d5       100%        7
 Call Imp                 Summ           Unusable   N/A       N/A         2
 Call Canine Familiar     Summ           Unusable   N/A       N/A         3
 Summon Guardian Golem    Hex/Summ       Unusable   N/A       N/A         3
 Spellforged Servitor     Conj/Summ      Unusable   N/A       N/A         7

Dungeon Overview and Level Annotations

Branches:
Dungeon (9/15)             Temple (1/1) D:5            Lair (0/6) D:9
    Orc: D:9-12

Altars:
Elyvilon
Fedhas
Gozag
Makhleb
Okawaru
Sif Muna
Trog
Zin

Shops:
D:6 (


Innate Abilities, Weirdness & Mutations

You have a pair of horns on your head.
You are mostly covered in large bone plates. (SH +6)
You are partially covered in sharp spines.
Your flesh is cold resistant. (rC+)
A frigid envelope surrounds you and freezes all who hurt you.


Message History

You slice the fire elemental!!
You destroy the fire elemental!
The fire elemental disappears in a puff of smoke!
You are no longer berserk.
You are exhausted.
You feel yourself slow down.
Unknown command.
Really walk into that cloud of flame? [Y]es or [N]o only, please.
Really walk into that cloud of flame?
Okay, then.
A cyclops comes into view.
The deep elf pyromancer gestures wildly while chanting.
Things that are here:
a +0 short sword; 3 poisoned darts; a kobold corpse
Things that are here:
a +0 dagger; a +0 robe; an orc corpse
Things that are here:
a +0 shortbow; 19 arrows You barely miss the two-headed ogre.
You headbutt the two-headed ogre!
The two-headed ogre is moderately wounded.
The two-headed ogre is struck by your spines.
The two-headed ogre hits you with a +0 giant club!!
The two-headed ogre is very cold.
The two-headed ogre is heavily wounded.
You block the two-headed ogre's attack.
You slash the two-headed ogre!
The two-headed ogre is severely wounded.
The two-headed ogre barely misses you.
The two-headed ogre hits you with a +0 giant club.
The two-headed ogre is very cold.
The two-headed ogre is severely wounded.
You barely miss the two-headed ogre.
The two-headed ogre is severely wounded.
The two-headed ogre hits you with a +0 giant club!!
* * * LOW HITPOINT WARNING * * *
The two-headed ogre is very cold.
The two-headed ogre is severely wounded.
The two-headed ogre hits you with a +0 giant club!
You die...

........#.#####.##.#
........##. ###.#
.........##. ###.##
..........#####..##
#.......... ##.#####
#.........
##.####.## #.#
#.#†#(#..##...##
#.#.#.O)C...⌠...
#.#)#@#).##°°.##
##.#†##.## #.#
######## # . .


You could see a two-headed ogre and a cyclops.

Vanquished Creatures
  A hydra (D:9)
  A two-headed ogre (D:6)
  The ghost of Diggabert the Basher, a novice HuFi (D:7)
  Joseph (D:8)
  Maggie (D:9)
  A komodo dragon (D:9)
  A troll (D:9)
  Prince Ribbit (D:8)
  A wraith (D:9)
  3 wyverns (D:9)
  8 yaks
  Edmund (D:6)
  Menkaure (D:6)
  A water moccasin (D:8)
  2 orc warriors
  A black bear (D:5)
  2 ice beasts (D:4)
  2 sky beasts (D:7)
  An ogre (D:5)
  4 necrophages
  4 centaurs
  5 kobold brigands
  A gnoll sergeant (D:7)
  2 bullfrogs
  2 scorpions (D:5)
  A killer bee (D:9)
  16 wights
  A bullfrog zombie (D:7)
  3 centaur zombies
  2 orc priests
  3 bullfrog skeletons
  3 hounds
  2 jellies (D:4)
  Crazy Yiuf (D:2)
  A centaur skeleton (D:4)
  2 gnoll shamans
  3 iguanas
  9 orc wizards
  A killer bee zombie (D:9)
  2 howler monkey zombies (D:9)
  10 gnolls
  6 adders
  A shadow imp (D:4)
  2 ufetubi (D:5)
  5 worms
  2 dart slugs
  24 orcs
  8 ball pythons
  5 endoplasms
  5 giant cockroaches
  4 goblins
  8 hobgoblins
  12 jackals
  5 quokkas
  3 bats
  A frilled lizard (D:3)
  19 kobolds
  2 rats (D:1)
221 creatures vanquished.

Vanquished Creatures (others)
  13 plants (D:1)
13 creatures vanquished.

Grand Total: 234 creatures vanquished

Notes
Turn   | Place    | Note
-------+----------+-------------------------------------------
     0 | D:1      | Sin92 the Demonspawn Fighter began the quest for the Orb.
     0 | D:1      | Reached XP level 1. HP: 18/18 MP: 1/1
   213 | D:1      | Reached skill level 2 in Axes
   404 | D:1      | Gained mutation: You have a pair of small horns on your
                  | head. [demonic ancestry]
   404 | D:1      | Reached XP level 2. HP: 23/24 MP: 2/2
  1081 | D:2      | Gained mutation: You are partially covered in large bone
                  | plates. (SH +4) [demonic ancestry]
  1081 | D:2      | Reached XP level 3. HP: 20/29 MP: 3/3
  1690 | D:2      | Found a runed translucent door.
  1691 | D:2      | Noticed Crazy Yiuf
  2018 | D:2      | HP: 1/28 [Crazy Yiuf/+2 quarterstaff of chaos (4)]
  2021 | D:2      | Gained mutation: You have hidden genetic defects. [potion
                  | of mutation]
  2021 | D:2      | Gained mutation: You have a pair of horns on your head.
                  | [potion of mutation]
  2021 | D:2      | Gained mutation: You are robust. (+10% HP) [potion of
                  | mutation]
  2027 | D:2      | Killed Crazy Yiuf
  2028 | D:2      | Reached skill level 3 in Axes
  2028 | D:2      | Reached XP level 4. HP: 16/38 MP: 4/4
  2029 | D:2      | Gained mutation: You are clumsy. (Dex -2) [hidden defects]
  2431 | D:3      | Identified the +8 hand axe of Vodka {vorpal, *Rage Str+5
                  | Dex+2}
  2440 | D:3      | Noticed a necrophage
  2454 | D:3      | Killed a necrophage
  2455 | D:3      | Reached XP level 5. HP: 28/46 MP: 5/5
  2457 | D:3      | Gained mutation: You are occasionally teleported next to
                  | monsters. [hidden defects]
  2457 | D:3      | Lost mutation: You have hidden genetic defects. [hidden
                  | defects expressed]
  2578 | D:3      | Found a burning altar of Makhleb.
  2589 | D:3      | Found a shimmering blue altar of Sif Muna.
  2844 | D:3      | Gained mutation: You are partially covered in sharp spines.
                  | [demonic ancestry]
  2844 | D:3      | Reached XP level 6. HP: 36/52 MP: 6/6
  3209 | D:4      | Reached skill level 4 in Axes
  3265 | D:4      | Noticed an ice beast
  3271 | D:4      | Killed an ice beast
  3497 | D:4      | Reached XP level 7. HP: 53/60 MP: 7/7
  3839 | D:4      | Reached skill level 5 in Axes
  4013 | D:5      | Entered Level 5 of the Dungeon
  4468 | D:5      | Found a blossoming altar of Fedhas.
  4503 | D:5      | Found a staircase to the Ecumenical Temple.
  4517 | D:5      | Reached skill level 5 in Fighting
  4537 | Temple   | Entered the Ecumenical Temple
  4575 | Temple   | Became a worshipper of Warmaster Okawaru
  4608 | D:5      | Mutation became permanent: You have a pair of small horns
                  | on your head. [demonic ancestry]
  4608 | D:5      | Gained mutation: You have a pair of horns on your head.
                  | [demonic ancestry]
  4608 | D:5      | Reached XP level 8. HP: 68/68 MP: 8/8
  4928 | D:5      | Found a bloodstained altar of Trog.
  4934 | D:5      | Reached skill level 6 in Axes
  5040 | D:5      | Noticed an angel
  5073 | D:6      | Noticed Menkaure
  5076 | D:6      | Lost mutation: You are robust. (+10% HP) [potion of
                  | mutation]
  5076 | D:6      | Lost mutation: You are occasionally teleported next to
                  | monsters. [potion of mutation]
  5076 | D:6      | Gained mutation: Your mind is acute. (Int +2) [potion of
                  | mutation]
  5076 | D:6      | Gained mutation: You are somewhat resistant to further
                  | mutation. [potion of mutation]
  5077 | D:6      | Lost mutation: You are somewhat resistant to further
                  | mutation. [potion of mutation]
  5077 | D:6      | Lost mutation: Your mind is acute. (Int +2) [potion of
                  | mutation]
  5077 | D:6      | Lost mutation: You are clumsy. (Dex -2) [potion of
                  | mutation]
  5077 | D:6      | Gained mutation: Your flesh is cold resistant. (rC+)
                  | [potion of mutation]
  5077 | D:6      | Gained mutation: A frigid envelope surrounds you and
                  | freezes all who hurt you. [potion of mutation]
  5079 | D:6      | Killed Menkaure
  5080 | D:6      | Reached skill level 5 in Armour
  5080 | D:6      | Reached skill level 5 in Shields
  5176 | D:6      | Noticed a two-headed ogre
  5186 | D:6      | Killed a two-headed ogre
  5186 | D:6      | Reached * piety under Okawaru
  5186 | D:6      | Reached ** piety under Okawaru
  5187 | D:6      | Reached skill level 7 in Axes
  5208 | D:6      | Gained mutation: You are mostly covered in large bone
                  | plates. (SH +6) [demonic ancestry]
  5208 | D:6      | Reached XP level 9. HP: 42/69 MP: 9/9
  6102 | D:6      | Noticed Edmund
  6108 | D:6      | Killed Edmund
  6314 | D:6      | Found Kefan's Antique Weapon Emporium.
  6877 | D:7      | Reached skill level 8 in Axes
  7339 | D:7      | Reached *** piety under Okawaru
  7598 | D:7      | Found a runed translucent door.
  7602 | D:7      | Noticed Diggabert's ghost (novice HuFi)
  7619 | D:7      | Killed Diggabert's ghost
  7620 | D:7      | Reached XP level 10. HP: 79/79 MP: 10/10
  7845 | D:8      | Reached **** piety under Okawaru
  7898 | D:8      | Noticed Joseph
  7902 | D:8      | Killed Joseph
  7903 | D:8      | Reached skill level 9 in Axes
  8242 | D:8      | Reached ***** piety under Okawaru
  8375 | D:8      | Noticed Prince Ribbit
  8380 | D:8      | Killed Prince Ribbit
  8421 | D:9      | Found a staircase to the Lair.
  8423 | D:9      | Noticed Maggie
  8432 | D:9      | Killed Maggie
  8761 | D:9      | Reached skill level 10 in Axes
  8930 | D:9      | Noticed a two-headed ogre
  8935 | D:9      | Reached XP level 11. HP: 85/86 MP: 11/11
  8939 | D:9      | Noticed a deep elf pyromancer
  8945 | D:9      | Noticed a seven-headed hydra
  8956 | D:9      | Killed a nine-headed hydra
  8965 | D:9      | Slain by a two-headed ogre

Illustrated notes

Levels and vault maps discovered:
D:1:      dpeg_arrival_tiny_k, layout_loops_ring, serial_bayou_lagoon_a,
          chequers_serial_rivers_micro_e, minmay_tetromino_o4
D:2:      layout_loops_ring, uniq_crazy_yiuf_cottage
D:3:      layout_basic, mainiacjoe_overflow_large_starburst,
          grunt_decor_arrowhead
D:4:      layout_gridville, elyvilon_altar_5
D:5:      layout_loops_ring, zin_angel, mainiacjoe_overflow_tiny_flanked,
          fedhas_ov_isle_minmay, minmay_temple_entry_grid
D:6:      layout_layer_cave, serial_shops, nicolae_shop_stone, uniq_edmund,
          uniq_menkaure
D:7:      layout_basic, ebering_ghost_reflecting_pool
D:8:      layout_rooms, minmay_misc_feat_five, kennysheep_generic_room_14,
          uniq_prince_ribbit1, uniq_joseph
D:9:      minmay_the_grid_octo_tiled_squarecenter [minmay_the_grid_octo_77,
          minmay_the_grid_octo_clover_2, minmay_the_grid_octo_fan_narrow,
          minmay_the_grid_octo_fat_diamond,
          minmay_the_grid_square_5x5_megaprize_open,
          minmay_the_grid_square_5x5_six_small,
          minmay_the_grid_square_5x5_one_wall,
          minmay_the_grid_square_5x5_shrine2, minmay_the_grid_square_5x5_bite],
          layout_irregular_city, worldfamousw_hep_ancestral_shrine,
          lair_entry_dummy, david_orc_4, uniq_erica, uniq_maggie, uniq_grum
Temple:   regret_index_temple_generic_petals

Skill      XL: |  1  2  3  4  5  6  7  8  9 10 |
---------------+-------------------------------+-----
Axes           | 2 3 4 5 7 8 10 | 10.3
Shields        | 3 4 5 6 7 |  7.7
Armour         | 3 4 5 6 7 |  7.6
Fighting       | 4 5 6 7 8 |  8.3

Action                   |  1- 3 |  4- 6 |  7- 9 | 10-12 || total
-------------------------+-------+-------+-------+-------++-------
Melee: War axe           |   117 |    27 |       |       ||   144
       Headbutt          |    11 |     4 |    26 |    26 ||    67
       Hand axe          |       |    39 |   163 |   118 ||   320
  Use: Potion            |     4 |     2 |     4 |       ||    10
       Scroll            |     2 |     2 |     7 |     1 ||    12
Armor: Scale mail        |    67 |    25 |    46 |    22 ||   160
Dodge: Dodged            |    38 |    26 |    63 |    35 ||   162
Block: Buckler           |    35 |    29 |    72 |    59 ||   195
